 Dungeon Crawl Stone Soup version 0.25-a0-701-gb30f108 (webtiles) character file.

Game seed: 11998658955906330278, levelgen mode: deterministic

396 MrTaco21 the Cudgeler (level 6, -1/37 HPs)
             Began as a Gargoyle Fighter on Apr 3, 2020.
             Slain by an orc (3 damage)
             ... on level 4 of the Dungeon.
             The game lasted 00:05:28 (3399 turns).

MrTaco21 the Cudgeler (Gargoyle Fighter)            Turns: 3399, Time: 00:05:29

Health: -1/37      AC: 15    Str: 21    XL:     6   Next: 82%
Magic:  6/6        EV:  5    Int:  9    God:
Gold:   188        SH:  9    Dex:  9    Spells: 5/5 levels left

rFire    + . .     SeeInvis .   a - +0 flail
rCold    . . .     Gourm    .   c - +0 kite shield
rNeg     + . .     Faith    .   k - +0 chain mail
rPois    ∞         Spirit   .   m - +0 helmet
rElec    +         Reflect  .   (no cloak)
rCorr    .         Harm     .   t - +0 pair of gloves
MR       +....                  (no boots)
Stlth    ..........             (no amulet)
HPRegen  0.12/turn              l - ring of protection from magic
MPRegen  0.10/turn              i - ring of protection from fire

@: no status effects
A: negative energy resistance 1, electricity resistance, unbreathing,
petrification resistance, rot immunity, AC +4
a: no special abilities


You were on level 4 of the Dungeon.
You were not hungry.

You visited 1 branch of the dungeon, and saw 4 of its levels.

You collected 188 gold pieces.

Inventory:

Hand Weapons
 a - a +0 flail (weapon)
Armour
 c - a +0 kite shield (worn)
 k - a +0 chain mail (worn)
   (You found it on level 2 of the Dungeon)
 m - a +0 helmet (worn)
   (You found it on level 3 of the Dungeon)
 t - a +0 pair of gloves (worn)
   (You found it on level 3 of the Dungeon)
Jewellery
 i - a ring of protection from fire (right hand)
   (You found it on level 3 of the Dungeon)
 l - a ring of protection from magic (left hand)
   (You found it on level 3 of the Dungeon)
Scrolls
 b - 2 scrolls of fear {unknown}
 f - 2 scrolls of random uselessness {unknown}
 h - 2 scrolls of remove curse {@r2}
 j - 4 scrolls of enchant weapon {unknown}
 o - 3 scrolls of noise {!r}
 p - 2 scrolls of fog {unknown}
 q - a scroll of magic mapping {unknown}
 u - 3 scrolls of blinking {unknown}
 v - a scroll of teleportation {unknown}
 w - a scroll of immolation {unknown}
 y - 3 scrolls of identify {unknown}
 z - a scroll of amnesia {unknown}
Potions
 d - a potion of might
 g - a potion of experience {unknown}
 n - a potion of magic {unknown}
 r - a potion of mutation {unknown}
 x - 2 potions of curing {unknown}
Comestibles
 e - 7 rations {!d}


   Skills:
 - Level 3.2 Fighting
 + Level 7.1 Maces & Flails
 - Level 3.2 Armour
 - Level 3.2 Shields


You had 5 spell levels left.
You didn't know any spells.
Your spell library was empty.

Dungeon Overview and Level Annotations

Branches:
Dungeon (4/15)
 Temple: D:4-7

Altars:
Ashenzari
Gozag
Okawaru


Innate Abilities, Weirdness & Mutations

You are resistant to torment.
Your stone body is resilient. (AC +4)
You are immune to poison.
You resist negative energy. (rN+)
You are resistant to electric shocks. (rElec)
You can survive without breathing.
You are immune to petrification.
You are immune to rotting.


Message History

The orc priest completely misses you.
Your chain mail prevents you from hitting the orc priest.
The orc hits you but does no damage. The orc barely misses you.
The orc hits you but does no damage.
The orc priest hits you but does no damage.
The orc hits you but does no damage.
The orc priest looks braver for a moment.
The orc barely misses you.
You hit the orc priest but do no damage.
You block the orc's attack.
The orc priest hits you with a +0 falchion.
The orc hits you but does no damage. You block the orc priest's attack.
The orc hits you but does no damage. x3
You hit the orc priest.
The orc priest hits you but does no damage.
The orc closely misses you.
The orc priest mumbles some strange prayers to Beogh against you.
Beogh smites you! You block the orc's attack.
The orc hits you but does no damage. x2
The orc priest calls down the wrath of Beogh upon you.
You resist with some effort.
You closely miss the orc priest. The orc hits you but does no damage.
You block the orc priest's attack. You block the orc's attack. x2
You block the orc priest's attack. The orc barely misses you.
You hit the orc priest but do no damage.
The orc hits you but does no damage. You block the orc's attack.
The orc priest hits you but does no damage.
The orc hits you but does no damage. You block the orc priest's attack.
The orc hits you.
* * * LOW HITPOINT WARNING * * *
The orc hits you but does no damage.
Your chain mail prevents you from hitting the orc priest.
The orc priest calls down the wrath of Beogh upon you.
Beogh smites you!
* * * LOW HITPOINT WARNING * * *
The orc hits you but does no damage. The orc barely misses you.
You block the orc priest's attack. The orc hits you but does no damage.
Unknown command.
You thump the orc priest!
The orc priest hits you but does no damage.
You block the orc's attack. x2; The orc hits you but does no damage.
You block the orc priest's attack. The orc hits you but does no damage.
You closely miss the orc priest.
The orc priest hits you but does no damage.
The orc hits you but does no damage. The orc hits you with a +0 club.
* * * LOW HITPOINT WARNING * * *
The orc barely misses you.
The orc priest mumbles some strange prayers to Beogh against you.
You are unaffected.
The orc hits you.
You die...

##.## ##...# #....##
###...## ##......# .
##.......# ...
####...##..##
.....##o.#....#...#
.....oo@o........##
#.....ooo##.......##
.......a.###..#....#
..........#...#...##
..............#...#### #
.......##............###
.....## #...............
...#. #...............
.# #..............


You could see a worker ant, 2 orc priests and 5 orcs.

Vanquished Creatures
  A hound (D:4)
  Ijyb (D:3)
  A centaur skeleton (D:4)
  3 orc wizards
  2 iguanas (D:4)
  3 gnolls (D:2)
  3 adders
  An ooze (D:3)
  2 adder skeletons (D:4)
  2 worms
  2 dart slugs
  4 leopard geckos
  6 orcs
  2 ball pythons (D:1)
  9 bats
  4 giant cockroaches
  13 goblins
  13 hobgoblins
  8 jackals
  10 kobolds
  2 quokkas
  6 frilled lizards
  6 rats
104 creatures vanquished.

Notes
Turn   | Place    | Note
-------+----------+-------------------------------------------
     0 | D:1      | MrTaco21 the Gargoyle Fighter began the quest for the Orb.
     0 | D:1      | Reached XP level 1. HP: 14/14 MP: 1/1
    53 | D:1      | Reached XP level 2. HP: 12/19 MP: 2/2
   103 | D:1      | Reached skill level 3 in Maces & Flails
   399 | D:1      | Reached XP level 3. HP: 23/23 MP: 3/3
  1322 | D:2      | Reached skill level 4 in Maces & Flails
  1445 | D:2      | Reached XP level 4. HP: 25/28 MP: 4/4
  1888 | D:2      | Found an opulent altar of Gozag.
  1936 | D:2      | Found an iron altar of Okawaru.
  1936 | D:2      | Found a shattered altar of Ashenzari.
  2043 | D:3      | Reached skill level 5 in Maces & Flails
  2044 | D:3      | Reached XP level 5. HP: 31/32 MP: 5/5
  2308 | D:3      | Noticed Ijyb
  2321 | D:3      | Killed Ijyb
  2870 | D:3      | Reached skill level 6 in Maces & Flails
  2870 | D:3      | Reached XP level 6. HP: 25/37 MP: 6/6
  3388 | D:4      | Reached skill level 7 in Maces & Flails
  3399 | D:4      | Slain by an orc

Levels and vault maps discovered:
D:1:      lemuel_arrival_muddy, layout_loops_cross
D:2:      layout_basic, marbit_many_paths, gammafunk_temple_overflow_wave
D:3:      kennysheep_goblin_castle, layout_rooms
D:4:      layout_cave_pools, kennysheep_mini, serial_shops, shop,
          hangedman_decor_push

Skill      XL: |  1  2  3  4  5  6 |
---------------+-------------------+-----
Maces & Flails | 3 4 5 6 7 |  7.1
Fighting       | |  3.2
Armour         | |  3.2
Shields        | |  3.2

Action                   |  1- 3 |  4- 6 || total
-------------------------+-------+-------++-------
Melee: Flail             |   166 |   315 ||   481
  Use: Scroll            |       |     2 ||     2
  Eat: Chunk             |     2 |     7 ||     9
Armor: Scale mail        |   118 |    49 ||   167
       Chain mail        |       |   223 ||   223
Dodge: Dodged            |    53 |   104 ||   157
Block: Kite shield       |   107 |   201 ||   308

Table legend:
 A = Non-vault XP
 B = Vault XP
 C = Vault XP percentage of total XP
 D = Non-vault monster count
 E = Vault monster count
 F = Vault count percentage of total count
                 A         B        C        D         E       F
            +---------+---------+-------+---------+---------+-------
      Total |     505 |      61 |  10.8 |      91 |      13 |  12.5
            +---------+---------+-------+---------+---------+-------
        D:1 |      50 |       0 |   0.0 |      28 |       0 |   0.0
        D:2 |     105 |       2 |   1.9 |      29 |       1 |   3.3
        D:3 |     105 |      59 |  36.0 |      21 |      12 |  36.4
        D:4 |     245 |       0 |   0.0 |      13 |       0 |   0.0
            +---------+---------+-------+---------+---------+-------
